Description

tvp cyclone push into macro

Replay - 16-Bit LE

Build Order

Get SALT Encoding   

  12  0:01  SCV  
  13  0:13  SCV  
  14  0:18  Supply Depot  
  14  0:25  SCV  
  15  0:33  Refinery  
  15  0:40  SCV  
  16  0:47  Barracks  
  16  0:52  SCV  
  17  1:04  SCV  
  18  1:16  SCV  
  19  1:34  Orbital Command  
  19  1:35  Reaper  
  20  1:47  Command Center  
  20  1:58  Factory  
  20  2:00  SCV  
  21  2:07  Refinery  
  21  2:12  Barracks Reactor, SCV  
  22  2:20  Supply Depot  
  22  2:24  SCV  
  24  2:45  Cyclone  
  24  2:50  Marine x2  
  30  3:00  Orbital Command  
  32  3:22  Barracks Tech Lab  
  32  3:25  Cyclone x2  
  39  3:31  Supply Depot  
  42  3:54  Supply Depot  
  44  4:01  Barracks Tech Lab  
  44  4:05  Command Center  
  46  4:10  Siege Tank  
  50  4:22  Supply Depot, Bunker  
  50  4:23  Marine  
  50  4:24  Stimpack  
  54  4:42  Marine, Siege Tank  
  62  5:02  Barracks x2, Marine, Refinery x2  
  62  5:06  Engineering Bay  
  65  5:16  Starport  
  66  5:22  Orbital Command  
  65  5:31  Marine  
  65  5:35  Terran Infantry Weapons Level 1  
  67  5:42  Barracks x2  
  67  5:46  Factory Reactor  
  68  5:52  Orbital Command  
  69  5:58  Marine x2  
  69  5:59  Marauder  
  74  6:10  Starport Reactor  
  76  6:16  Marine  
  78  6:24  Marauder x2, Marine, Widow Mine x2  
  91  6:32  Barracks Tech Lab  
  91  6:33  Combat Shields, Barracks Reactor  
  91  6:34  Concussive Shells  
  98  6:47  Refinery x2  
  98  6:53  Medivac x2  
  103  6:57  Widow Mine x2  
  109  7:10  Liberator  
  109  7:12  Marauder x2  
  119  7:26  Medivac  
  127  7:30  Widow Mine x2  
  127  7:34  Terran Infantry Armor Level 1  
  133  7:39  Marauder  
  140  7:55  Widow Mine x2  
  140  7:57  Marauder  
  146  8:04  Marauder  
  149  8:12  Medivac x2, Marauder  
  158  8:26  Marauder  
  164  8:27  Widow Mine x2  
  164  8:32  Starport  
  167  8:46  Barracks x2  
  167  8:53  Armory  
  167  8:54  Engineering Bay  
  177  9:10  Ghost Academy  
Spawning Tool Build Advisor. Get it on Overwolf

Analysis

build pushes early with 3 cyclones then transitions into bio play with a greedy 3rd base if applicable/safe to build

Go to:

Details

  • Created by: Vanguard717
  • Published on: May 25, 2018
  • Modified on: Jun 04, 2018
  • Patch: 4.0.0
Show
View Real Time Build Order
Export as new Build Order

Comments (0)

There are no comments. Be the first!

Create an account to comment!